 Dungeon Crawl Stone Soup version 0.18.1-48-g4cf74bf (webtiles) character file.

476 MovingMist the Poker (level 7, -1/62 HPs)
             Began as a Naga Fighter on Aug 19, 2016.
             Slain by MovingMist's ghost (3 damage)
             ... on level 5 of the Dungeon.
             The game lasted 00:13:59 (3824 turns).

MovingMist the Poker (Naga Fighter)                 Turns: 3824, Time: 00:14:00

Health: -1/62      AC: 11    Str: 20    XL:     7   Next: 10%
Magic:  7/7        EV:  3    Int:  8    God:
Gold:   125        SH: 10    Dex: 15    Spells: 0 memorised, 6 levels left

rFire  . . .     SeeInvis +     a - +1 trident
rCold  . . .     Gourm    .     l - +0 chain mail (curse)
rNeg   . . .     Faith    .     c - +0 shield
rPois  +         Spirit   .     n - +0 helmet
rElec  .         Dismiss  .     (no cloak)
rCorr  .         Reflect  .     k - +1 pair of gloves
SustAt .         Harm     .     (no barding)
MR     .....                    (no amulet)
Stlth  ..........               r - +3 ring of slaying
                                g - +4 ring of dexterity

@: very slow, not resistant to hostile enchantments, extremely unstealthy
A: see invisible, deformed body, poison resistance, slowness 2, slow metabolism
1, spit poison 2, AC +2
a: Spit Poison


You were on level 5 of the Dungeon.
You were not hungry.

You visited 1 branch of the dungeon, and saw 5 of its levels.

You collected 125 gold pieces.

Inventory:

Hand Weapons
 a - a +1 trident (weapon)
Armour
 c - a +0 shield (worn)
 k - a +1 pair of gloves (worn)
 l - a cursed +0 chain mail (worn)
 n - a +0 helmet (worn)
Jewellery
 b - a cursed ring of resist corrosion {unknown}
 g - a +4 ring of dexterity (left hand)
 p - an uncursed ring of positive energy
 r - a +3 ring of slaying (right hand)
Wands
 o - a wand of digging (11/24)
Scrolls
 i - 4 scrolls of remove curse
 q - 3 scrolls of magic mapping
 s - a scroll of fog
Potions
 e - a potion of degeneration {unknown}
 m - a potion of curing {unknown}
 t - a potion of beneficial mutation {unknown}
Comestibles
 f - 6 bread rations
 h - a beef jerky
 j - 7 chunks of flesh


   Skills:
 - Level 3.5 Fighting
 + Level 4.6 Polearms
 + Level 4.1 Armour
 + Level 3.9 Shields


You had 6 spell levels left.
You didn't know any spells.

Dungeon Overview and Level Annotations

Branches:
Dungeon (5/15)
 Temple: D:4-7

Altars:
Ashenzari
Kikubaaqudgha
Pakellas
Qazlal
Ru
Sif Muna
Xom

Annotations:
D:5 MovingMist's ghost, novice GrFi


Innate Abilities, Weirdness & Mutations

You cannot wear boots.
Your serpentine skin is tough (AC +2).
You have supernaturally acute eyesight.
Armour fits poorly on your strangely shaped body.
Your system is resistant to poisons.
You cover ground very slowly.
You have a slow metabolism.
You can spit poison.


Message History

You hit MovingMist's ghost but do no damage.
MovingMist's ghost is moderately damaged.
MovingMist's ghost barely misses you.
You hit MovingMist's ghost but do no damage.
MovingMist's ghost is moderately damaged.
MovingMist's ghost hits you.
You hit MovingMist's ghost but do no damage.
MovingMist's ghost is moderately damaged.
MovingMist's ghost hits you!
* * * LOW HITPOINT WARNING * * *
Your shield and chain mail prevent you from hitting MovingMist's ghost.
MovingMist's ghost is moderately damaged.
MovingMist's ghost stares at you. MovingMist's ghost barely misses you.
Drink which item? (? for menu, Esc to quit)
Okay, then.
MovingMist's ghost hits you!
* * * LOW HITPOINT WARNING * * *
MovingMist's ghost hits you.
You die...

###############
###...#..#...#..#...
#...................
#...................
#................... ## ###
##.@..##............
##.##..###W...##.....>.....
...............#.......#
..........>....#.......# ##
..............##.......# ...
..............##.......##...
............................
........(>..................
...........<................


You could see MovingMist's ghost.

Vanquished Creatures
  Menkaure (D:5)
  A scorpion (D:4)
  3 hounds
  An orc wizard (D:4)
  3 worker ants (D:4)
  Robin (D:4)
  2 adders (D:4)
  An adder zombie (D:5)
  3 worms
  A dart slug (D:2)
  3 giant geckos
  16 orcs
  A ball python (D:4)
  5 bats
  3 giant cockroaches
  18 goblins
  12 hobgoblins
  8 jackals
  7 kobolds
  3 quokkas
  3 giant newts
  8 rats
104 creatures vanquished.

Notes
Turn   | Place    | Note
--------------------------------------------------------------
     0 | D:1      | MovingMist the Naga Fighter began the quest for the Orb.
     0 | D:1      | Reached XP level 1. HP: 21/21 MP: 1/1
   230 | D:1      | Reached XP level 2. HP: 20/28 MP: 2/2
   646 | D:2      | Found an ancient bone altar of Kikubaaqudgha.
   670 | D:2      | Reached XP level 3. HP: 34/34 MP: 3/3
  1169 | D:2      | Found a shimmering altar of Xom.
  1170 | D:2      | Found a deep blue altar of Sif Muna.
  1170 | D:2      | Found a shattered altar of Ashenzari.
  1194 | D:2      | Found an oddly glowing altar of Pakellas.
  1496 | D:3      | Reached XP level 4. HP: 19/42 MP: 4/4
  1510 | D:3      | Found a stormy altar of Qazlal.
  2298 | D:4      | Noticed Robin
  2308 | D:4      | Reached XP level 5. HP: 46/49 MP: 5/5
  2352 | D:4      | Killed Robin
  2561 | D:4      | Reached XP level 6. HP: 38/56 MP: 6/6
  2677 | D:4      | Found a sacrificial altar of Ru.
  3261 | D:5      | Entered Level 5 of the Dungeon
  3269 | D:5      | Noticed Menkaure
  3279 | D:4      | HP: 2/56 [adder (4)]
  3697 | D:5      | Killed Menkaure
  3697 | D:5      | Reached XP level 7. HP: 15/62 MP: 7/7
  3807 | D:5      | Noticed MovingMist's ghost (novice GrFi)
  3821 | D:5      | HP: 1/62 [MovingMist's ghost (12)]
  3824 | D:5      | Slain by MovingMist's ghost

Skill      XL: |  1  2  3  4  5  6 |
---------------+-------------------+-----
Armour         | 3 4 |  4.1
Polearms       | 3 4 |  4.6
Shields        | 3 |  3.9
Fighting       | |  3.5

Action                   |  1- 3 |  4- 6 |  7- 9 || total
-------------------------+-------+-------+-------++-------
Melee: Trident           |   132 |   177 |    15 ||   324
  Use: Scroll            |     4 |     9 |     2 ||    15
       Potion            |       |     2 |       ||     2
  Eat: Chunk             |     1 |     6 |     1 ||     8
Armor: Scale mail        |    31 |   102 |       ||   133
       Chain mail        |       |     3 |     3 ||     6
Dodge: Dodged            |    22 |    41 |     3 ||    66
Block: Shield            |    48 |   113 |     7 ||   168
